 Dungeon Crawl Stone Soup version 0.32-a0-898-g7811c86cf0 (webtiles) character file.

Game seed: 17209038401671632595

34 Fodor the Covered (level 3, -9/33 HPs)
             Began as a Minotaur Fighter on Apr 4, 2024.
             Killed by divine providence
             ... invoked by an orc priest
              (11 damage)
             ... on level 2 of the Dungeon.
             The game lasted 00:01:05 (948 turns).

Fodor the Covered (Minotaur Fighter)                 Turns: 948, Time: 00:01:06

Health: -9/33      AC:  7    Str: 22    XL:     3   Next: 14%
Magic:  2/2        EV:  8    Int:  5    God:
Gold:   34         SH:  4    Dex:  9    Spells: 2/2 levels left

rFire   . . .        a - +0 war axe
rCold   . . .        c - +0 buckler
rNeg    . . .        b - +0 scale mail
rPois   .            (helmet restricted)
rElec   .            (no cloak)
rCorr   .            (no gloves)
SInv    .            (no boots)
Will    .....        (no amulet) Stlth
                     (no ring)
HPRegen 0.25/turn    (no ring)
MPRegen 0.08/turn

%: no passive effects
@: no status effects
A: horns 2, retaliatory headbutt
a: Convert to Beogh


You were on level 2 of the Dungeon.
You visited 1 branch of the dungeon, and saw 2 of its levels.

You collected 34 gold pieces.

Inventory:

Hand Weapons
 a - a +0 war axe (weapon)
Armour
 b - a +0 scale mail (worn)
 c - a +0 buckler (worn)
Talismans
 e - a flux talisman
Scrolls
 i - a scroll of vulnerability {unknown}
 j - a scroll of enchant armour {unknown}
Potions
 d - a potion of might
 f - a potion of berserk rage {unknown}
 g - a potion of brilliance {unknown}
 h - a potion of curing {unknown}


   Skills:
 + Level 4.1 Fighting
 + Level 2.7 Axes
 + Level 4.3 Armour
 + Level 0.1 Stealth
 + Level 4.0 Shields


You had 2 spell levels left.
You didn't know any spells.
Your spell library was empty.

Dungeon Overview and Level Annotations

Branches:
Dungeon (2/15)

Altars:


Innate Abilities, Weirdness & Mutations

You have a pair of horns on your head.
You reflexively headbutt those who attack you in melee.


Message History

You have reached level 2!
You barely miss the orc wizard. Your headbutt misses the orc wizard.
You hit the orc priest. You closely miss the orc.
The orc priest hits you but does no damage.
The orc hits you but does no damage.
The orc wizard hits you but does no damage.
You slash the orc wizard!
The orc wizard is severely wounded.
You hit the orc but do no damage.
You hit the orc priest but do no damage.
The orc priest threatens, "Beogh's wrath is as vast as their mercy.
Make your choice!"
You slash the ball python!
You kill the ball python!
You block the orc's attack.
The orc priest hits you but does no damage.
The orc wizard closely misses you.
The orc priest hits you but does no damage.
The orc hits you with a +0 dagger.
* * * LOW HITPOINT WARNING * * *
The orc wizard gestures at you while chanting.
The magic dart hits you.
* * * LOW HITPOINT WARNING * * *
You slash the orc wizard!
You kill the orc wizard!
You hit the orc priest but do no damage.
You hit the orc but do no damage.
The orc priest shouts, "Beogh offers mercy even to people such as you.
Join us and be reborn!"
The orc priest barely misses you. The orc hits you but does no damage.
Your Fighting skill increases to level 4!
Your Shields skill increases to level 4!
You have reached level 3!
Your experience leads to an increase in your attributes!
Increase (S)trength, (I)ntelligence, or (D)exterity?
You feel stronger. x2
You hit the orc priest. You headbutt the orc priest!
The orc priest is almost dead.
You barely miss the orc.
The orc priest invokes the aid of Beogh against you.
Beogh smites you!
You die...

#####.....# ...
#.........## ....#
#<.........# ##..#.#
#..........##..>....
#..........<........
#....###............
###### ##..........
##...o.#.. #.)@)r#
#....o).....#
#.##....#.... #.
#....# ... # #.....
.. #.....# ####.##
..


You could see an orc priest, an orc and a rat.

Vanquished Creatures
  An orc wizard (D:2)
  2 orcs (D:2)
  An endoplasm (D:1)
  A hobgoblin (D:1)
  A kobold (D:1)
  2 ball pythons (D:2)
8 creatures vanquished.

Notes
Turn   | Place    | Note
-------+----------+-------------------------------------------
     0 | D:1      | Fodor the Minotaur Fighter began the quest for the Orb.
     0 | D:1      | Reached XP level 1. HP: 19/19 MP: 0/0
   939 | D:2      | Noticed an orc wizard
   939 | D:2      | Noticed an orc priest
   945 | D:2      | Reached XP level 2. HP: 5/27 MP: 1/1
   946 | D:2      | HP: 1/27 [orc wizard/magic dart (2)]
   948 | D:2      | Reached XP level 3. HP: 1/33 MP: 2/2
   948 | D:2      | Killed from afar by an orc priest

Illustrated notes

Levels and vault maps discovered:
D:1:      minmay_arrival_shattered_statue, layout_loops_corners,
          chequers_mini_garden, roderic_st_hans_cross
D:2:      layout_rooms, basic_altar, kennysheep_decorative_pillar,
          hangedman_decor_peaks_small

Skill      XL: |  1  2 |
---------------+-------+-----
Armour         | 4 |  4.3
Fighting       | 4 |  4.1
Shields        | 4 |  4.0
Axes           | |  2.7
Stealth        | |  0.1

Action                     || total
---------------------------++-------
  Melee: War axe           ||    12
         Headbutt          ||     3
 Armour: Scale mail        ||    14
  Dodge: Dodged            ||     5
  Block: Buckler           ||     5

Table legend: (Time is in decaauts)
 A = Elapsed time spent in this place.
 B = Non-inter-level travel time spent in this place.
 C = Inter-level travel time spent in this place.
 D = Time resting spent in this place.
 E = Time spent auto-exploring this place.
 F = Levels seen in this place.
 G = Mean time per level.
                   A        B        C        D        E       F      G
               +--------+--------+--------+--------+--------+-----+--------+
         Total |    952 |    952 |      0 |      0 |    846 |   2 |  476.0 |
       Dungeon |    952 |    952 |      0 |      0 |    846 |   2 |  476.0 |
               +--------+--------+--------+--------+--------+-----+--------+

Top non-repeatable levels by time:
     D:1: 932 daAuts
     D:2: 20 daAuts
